Map: [ESL] Data-C

Players

Lambo - Winner!

  • Race: Zerg Zerg
  • Spawn Location: 9:00

SKillous

  • Race: Protoss Protoss
  • Spawn Location: 3:00

Event: DreamHack SC2 Masters 2022 Atlanta (Online)

VOD

Have the link to the VOD?

Description

Time

  • Played on: Oct. 7, 2022, 2:05 p.m.
  • Length: 14:52

All games in this series

Show
View Real Time Build Order
Export as new Build Order

Lambo Zerg - Winner!

Build Orders: Hatch First, Brood Lord Corruptor 

Get SALT Encoding   

  12  0:00  Drone  
  13  0:12  Overlord  
  13  0:17  Drone  
  14  0:30  Drone x2  
  16  0:48  Hatchery  
  15  0:51  Drone  
  15  0:55  Drone  
  17  0:58  Drone  
  18  1:10  Extractor  
  17  1:13  Spawning Pool  
  17  1:17  Drone  
  17  1:20  Drone  
  18  1:27  Drone  
  19  1:38  Drone  
  20  1:49  Drone  
  21  2:00  Zergling x2, Queen x2  
  21  2:01  Overlord  
  26  2:10  Drone  
  26  2:11  Metabolic Boost, Drone  
  28  2:21  Drone  
  29  2:25  Drone  
  30  2:34  Hatchery  
  30  2:36  Drone  
  30  2:39  Drone  
  30  2:44  Drone, Overlord  
  32  2:51  Queen  
  32  2:54  Drone  
  32  2:56  Drone  
  38  3:07  Overlord  
  38  3:09  Drone x5  
  38  3:10  Drone  
  42  3:16  Queen  
  44  3:25  Overlord  
  44  3:26  Drone x2  
  46  3:27  Drone  
  46  3:28  Drone  
  46  3:32  Queen  
  50  3:41  Drone x2  
  50  3:44  Overlord  
  50  3:47  Drone x3  
  50  3:48  Evolution Chamber  
  54  3:51  Queen  
  54  3:53  Drone  
  57  3:56  Drone  
  57  3:58  Overlord  
  57  4:01  Drone  
  59  4:03  Drone x3  
  59  4:05  Spore Crawler  
  61  4:11  Drone x2  
  61  4:12  Drone  
  61  4:13  Spore Crawler  
  61  4:15  Zerg Melee Weapons Level 1  
  61  4:16  Drone  
  64  4:18  Drone  
  64  4:23  Drone x3  
  68  4:31  Hatchery  
  68  4:32  Drone x2  
  68  4:33  Drone  
  68  4:37  Lair, Extractor  
  69  4:40  Zergling x4  
  71  4:46  Drone x3  
  74  4:55  Overlord  
  74  4:57  Baneling Nest  
  74  4:58  Extractor  
  74  4:59  Overlord  
  72  5:00  Drone x2, Overlord  
  72  5:01  Overlord  
  72  5:03  Overlord  
  74  5:07  Overlord  
  74  5:08  Extractor  
  74  5:09  Zergling x2  
  74  5:10  Overlord  
  74  5:14  Zergling x6  
  74  5:16  Drone x5  
  74  5:18  Zergling x2  
  74  5:19  Zergling x4  
  84  5:23  Zergling x2  
  87  5:30  Spore Crawler, Zergling x4  
  87  5:33  Drone x3  
  91  5:40  Drone x3  
  94  5:44  Drone x3  
  94  5:45  Drone x3  
  94  5:46  Roach Warren  
  94  5:49  Drone  
  98  5:52  Drone x3, Extractor  
  98  5:54  Overlord  
  98  5:55  Drone x2  
  98  5:56  Extractor  
  98  5:57  Spire  
  100  6:01  Drone x5  
  103  6:07  Drone  
  103  6:10  Zergling x4  
  106  6:11  Extractor  
  106  6:13  Overseer  
  106  6:14  Drone x4  
  109  6:19  Extractor  
  109  6:21  Zergling x10  
  112  6:27  Drone x3  
  112  6:31  Spore Crawler, Drone x3  
  117  6:33  Zerg Melee Weapons Level 2, Glial Reconstitution  
  117  6:34  Drone  
  117  6:36  Centrifugal Hooks, Hatchery  
  117  6:39  Overlord  
  117  6:42  Drone x2  
  117  6:44  Overlord  
  119  6:54  Zergling x18  
  119  6:57  Queen  
  130  7:04  Overlord  
  130  7:05  Drone  
  131  7:11  Mutalisk x6  
  131  7:13  Zerg Flyer Weapons Level 1  
  143  7:16  Hatchery  
  142  7:23  Mutalisk x5  
  152  7:30  Overlord x2  
  152  7:34  Infestation Pit  
  152  7:35  Overlord  
  151  7:38  Overlord  
  151  7:42  Drone  
  152  7:47  Mutalisk x2, Overlord, Evolution Chamber  
  152  7:48  Mutalisk x2  
  152  7:49  Overlord  
  158  7:53  Drone x9  
  167  8:06  Corruptor x3  
  167  8:07  Roach  
  167  8:08  Roach x7  
  187  8:20  Hive  
  187  8:23  Drone x4  
  187  8:24  Corruptor x2  
  187  8:25  Extractor  
  187  8:26  Extractor  
  191  8:43  Zerg Missile Weapons Level 1  
  191  8:47  Spore Crawler  
  190  8:49  Zerg Ground Armor Level 1  
  190  8:51  Drone x6, Spine Crawler  
  190  8:52  Drone, Spine Crawler  
  190  8:53  Spine Crawler  
  194  8:56  Spine Crawler  
  194  9:00  Spine Crawler  
  192  9:08  Corruptor x3  
  198  9:38  Greater Spire, Adrenal Glands  
  196  9:41  Baneling x23  
  196  9:47  Zergling x4, Baneling x16  
  196  9:48  Zergling x4  
  196  9:52  Spine Crawler  
  199  9:53  Spine Crawler x2  
  191  10:04  Corruptor x2  
  191  10:05  Corruptor  
  182  10:08  Zergling x48  
  200  10:27  Zergling x4  
  196  10:37  Spore Crawler  
  196  10:39  Zerg Melee Weapons Level 3  
  195  10:43  Spine Crawler  
  195  10:45  Spine Crawler  
  195  10:46  Spine Crawler  
  195  10:47  Spine Crawler  
  195  10:48  Spine Crawler  
  190  10:52  Spine Crawler  
  187  11:03  Zergling x30  
  199  11:22  Zerg Ground Armor Level 2  
  199  11:25  Corruptor x3  
  192  11:28  Zergling x4  
  199  11:58  Unknown  
  199  11:59  Spore Crawler, Extractor  
  199  12:00  Spore Crawler, Zerg Flyer Armor Level 1  
  199  12:01  Hatchery  
  193  12:05  Extractor  
  192  12:14  Zergling x26, Roach x2  
  192  12:15  Roach x2  
  192  12:17  Zergling x32  
  175  12:23  Zergling x32  
  175  12:28  Corruptor x7  
  188  12:33  Corruptor x4  
  188  12:36  Corruptor x4  
  194  12:41  Baneling x18  
  194  12:42  Baneling x21  
  200  12:53  Baneling x9  
  199  13:03  Baneling x15  
  199  13:24  Zergling x16  
  196  13:29  Zergling x28  
  196  13:30  Zergling x8  
  193  13:40  Drone x4  
  185  13:51  Brood Lord x4  
  185  13:52  Brood Lord x3  
  185  13:55  Brood Lord  
  196  13:58  Spore Crawler  
  196  14:02  Baneling x8  
  187  14:13  Drone x3  
  187  14:14  Drone x3  
  192  14:23  Baneling x9  
  192  14:29  Zergling x14  
Show
View Real Time Build Order
Export as new Build Order

SKillous Protoss 

Build Orders: Nexus First, Oracle Opening, Carriers, Zealot Archon 

Get SALT Encoding   

  12  0:00  Probe  
  13  0:12  Probe  
  14  0:19  Pylon  
  14  0:24  Probe  
  15  0:37  Probe  
  16  0:49  Probe  
  17  0:58  Nexus  
  17  1:08  Gateway  
  18  1:11  Probe (Chrono Boost)  
  18  1:19  Assimilator  
  18  1:21  Probe (Chrono Boost)  
  18  1:24  Assimilator  
  19  1:26  Probe (Chrono Boost)  
  20  1:33  Pylon  
  20  1:39  Probe (Chrono Boost)  
  21  1:44  Probe (Chrono Boost)  
  22  1:53  Probe  
  23  1:55  Cybernetics Core  
  23  2:00  Zealot  
  26  2:09  Probe (Chrono Boost)  
  26  2:10  Probe (Chrono Boost)  
  27  2:19  Probe (Chrono Boost)  
  27  2:21  Probe (Chrono Boost)  
  29  2:24  Probe (Chrono Boost)  
  29  2:29  Sentry (Chrono Boost), Probe  
  31  2:31  Warp Gate  
  31  2:36  Probe  
  34  2:41  Stargate, Probe  
  35  2:47  Adept  
  35  2:48  Probe  
  38  2:53  Probe  
  39  3:00  Probe  
  39  3:04  Pylon  
  40  3:06  Probe  
  42  3:12  Probe  
  42  3:16  Nexus  
  42  3:18  Probe  
  43  3:21  Oracle (Chrono Boost)  
  43  3:26  Probe (Chrono Boost)  
  47  3:30  Shield Battery  
  48  3:36  Probe (Chrono Boost)  
  48  3:38  Pylon  
  48  3:39  Probe (Chrono Boost)  
  49  3:44  Probe (Chrono Boost)  
  49  3:46  Probe (Chrono Boost)  
  51  3:51  Oracle, Assimilator  
  51  3:52  Assimilator  
  54  3:56  Probe x2  
  56  4:05  Twilight Council  
  56  4:07  Gateway  
  56  4:08  Probe  
  58  4:13  Probe  
  58  4:16  Gateway  
  58  4:17  Gateway  
  58  4:21  Probe (Chrono Boost)  
  58  4:22  Stalker  
  61  4:26  Probe (Chrono Boost)  
  61  4:31  Probe (Chrono Boost), Blink (Chrono Boost)  
  64  4:32  Forge  
  64  4:33  Probe (Chrono Boost)  
  64  4:36  Probe (Chrono Boost)  
  66  4:38  Pylon  
  66  4:39  Probe x2 (Chrono Boost)  
  67  4:45  Probe x2  
  70  4:52  Probe  
  70  4:54  Stalker  
  70  4:57  Probe  
  70  4:58  Probe  
  74  5:00  Protoss Ground Weapons Level 1 (Chrono Boost)  
  74  5:03  Pylon  
  74  5:04  Probe  
  75  5:07  Stalker  
  75  5:09  Probe  
  75  5:10  Probe  
  79  5:15  Stalker x2  
  79  5:17  Probe  
  84  5:22  Probe x2  
  84  5:23  Pylon  
  84  5:27  Stalker  
  88  5:29  Probe, Assimilator  
  88  5:34  Probe  
  90  5:36  Gateway  
  90  5:37  Probe, Assimilator  
  90  5:38  Gateway  
  90  5:40  Gateway  
  91  5:50  Gateway, Probe  
  91  5:56  Templar Archives  
  92  5:58  Robotics Facility  
  92  6:08  Pylon  
  92  6:10  Pylon  
  92  6:11  Nexus  
  92  6:14  Probe x2  
  92  6:15  Probe  
  92  6:18  Photon Cannon  
  95  6:20  Pylon  
  95  6:26  Stalker x4  
  95  6:27  Probe  
  95  6:32  Gateway  
  104  6:33  Shield Battery  
  104  6:35  Probe  
  104  6:37  Probe, Pylon  
  104  6:39  Probe  
  107  6:44  Charge  
  107  6:47  Probe  
  107  6:49  Observer (Chrono Boost)  
  107  6:50  Phoenix  
  107  6:53  Probe  
  112  6:56  Probe  
  112  6:59  Shield Battery, Probe  
  114  7:01  Photon Cannon, Protoss Ground Weapons Level 2 (Chrono Boost)  
  114  7:05  Assimilator  
  114  7:07  Assimilator  
  114  7:10  Gateway  
  114  7:13  Gateway  
  114  7:15  Phoenix (Chrono Boost), Pylon  
  114  7:17  Photon Cannon  
  114  7:19  Shield Battery  
  114  7:20  High Templar x4  
  121  7:26  Archon x2  
  121  7:28  Photon Cannon  
  121  7:31  Shield Battery  
  121  7:32  Photon Cannon, Probe  
  121  7:33  Shield Battery  
  121  7:36  Phoenix (Chrono Boost)  
  124  7:38  Stargate  
  124  7:43  High Templar x2  
  128  7:44  Probe  
  128  7:46  Probe, Pylon  
  128  7:47  Archon  
  128  7:48  Immortal (Chrono Boost), Photon Cannon  
  134  7:58  Photon Cannon  
  134  8:00  Shield Battery  
  134  8:02  Phoenix (Chrono Boost)  
  134  8:04  Photon Cannon, Protoss Air Weapons Level 1 (Chrono Boost)  
  136  8:13  Shield Battery, Photon Cannon  
  136  8:15  Pylon  
  136  8:16  Stalker x4  
  142  8:22  Phoenix (Chrono Boost)  
  146  8:28  Phoenix (Chrono Boost), Photon Cannon  
  146  8:30  Shield Battery  
  146  8:38  Fleet Beacon  
  146  8:40  High Templar x2  
  150  8:44  Photon Cannon  
  150  8:45  Phoenix, Archon, Pylon  
  150  8:48  Phoenix  
  154  8:55  Pylon  
  154  9:06  Stalker x2  
  158  9:13  Phoenix x2  
  158  9:15  Photon Cannon  
  162  9:17  Photon Cannon  
  162  9:19  Shield Battery, Anion Pulse-Crystals (Chrono Boost), Photon Cannon  
  162  9:21  Pylon  
  162  9:36  Carrier x2 (Chrono Boost), Stargate  
  162  9:43  Pylon  
  162  9:45  High Templar  
  176  9:46  High Templar  
  176  9:50  Archon  
  178  9:52  Protoss Shields Level 1  
  178  9:55  Nexus  
  178  9:58  Pylon  
  176  10:01  Immortal  
  178  10:07  Shield Battery  
  178  10:09  Shield Battery  
  178  10:12  Shield Battery  
  178  10:13  Pylon  
  178  10:17  Protoss Air Weapons Level 2 (Chrono Boost)  
  178  10:19  Pylon  
  178  10:22  Pylon  
  178  10:24  Assimilator  
  178  10:25  Carrier  
  180  10:29  Assimilator  
  180  10:33  High Templar x2  
  184  10:39  Archon, Warp Prism (Chrono Boost)  
  184  10:41  Zealot  
  188  10:44  Carrier (Chrono Boost)  
  194  10:57  Carrier (Chrono Boost)  
  194  11:04  Zealot  
  194  11:33  Zealot x3  
  194  11:37  Zealot x3  
  198  11:49  High Templar  
  198  11:51  Photon Cannon  
  198  11:54  Photon Cannon  
  200  11:55  Photon Cannon  
  200  11:57  Photon Cannon  
  200  11:58  Photon Cannon  
  200  11:59  Shield Battery  
  200  12:01  Pylon  
  200  12:05  Protoss Shields Level 2 (Chrono Boost), Photon Cannon  
  200  12:07  Photon Cannon  
  200  12:09  Photon Cannon  
  200  12:11  Pylon  
  186  12:16  Zealot x3  
  132  12:23  Carrier x2  
  132  12:30  High Templar x3  
  132  12:31  High Templar x3  
  132  12:36  Carrier, Archon x2  
  150  12:37  Archon, High Templar x4  
  158  12:44  Archon  
  158  12:45  Archon  
  158  12:51  Zealot  
  160  13:09  Nexus  
  160  13:10  High Templar x3, Pylon  
  160  13:11  High Templar  
  160  13:12  Zealot x4  
  176  13:14  Archon  
  176  13:20  Archon  
  176  13:25  Carrier  
  176  13:26  Psionic Storm  
  168  13:31  Stalker  
  168  13:32  Stalker x6  
  168  13:33  Carrier  
  137  13:47  High Templar  
  137  13:52  High Templar  
  139  14:10  High Templar  
  139  14:16  Photon Cannon  
  141  14:18  Photon Cannon  
  141  14:20  Shield Battery  
  141  14:22  Photon Cannon  
  141  14:23  Pylon  
  147  14:25  High Templar  
  147  14:26  High Templar  
  147  14:30  Stalker x2  
  121  14:45  Stalker x2  
  121  14:46  Stalker x2  
Tags
 
Add a new tag
Caveats
  • Supply blocks, unpowered buildings, or Contaminate may cause inaccurate times.
  • Supply counts are checked every 10 seconds.